[Event "NSV Open-ch Rapid 2019"]
[Site "Lueneburg"]
[Date "2019.08.03"]
[Round "2.26"]
[White "Kolhoff, Manfred"]
[Black "Aarav Dengla"]
[Result "0-1"]
[ECO "C42"]
[WhiteElo "1616"]
[BlackElo "2051"]
[Annotator "NA RC"]
[PlyCount "98"]
[EventDate "2019.08.03"]
[EventType "swiss"]
[EventCountry "GER"]
[SourceTitle "playchess.com"]
[Source "ChessBase"]
[SourceQuality "1"]
[TimeControl "600+5"]

1. e4 e5 2. Nf3 Nf6 3. Nc3 Bb4 4. d3 d5 5. Bd2 d4 6. Ne2 Bxd2+ 7. Qxd2 Nc6 8. g3 h6 9. Bg2 Be6 10. O-O Qd7 11. b4 a6 12. a4 O-O 13. b5 axb5 14. axb5 Ne7 15. Nxe5 Qxb5 16. f4 Qb2 17. Rab1 Qa3 18. Nxd4 Qc5 19. c3 Ra2 20. Rb2 Rfa8 21. Kh1 Rxb2 22. Qxb2 b6 23. Nxe6 fxe6 24. d4 Qa3 25. Qc2 Qa2 26. Qd3 Ra3 27. Nc4 Ra4 28. Ne5 Ra3 29. Rc1 Qb2 30. Qe3 Ra1 31. Nd3 Rxc1+ 32. Qxc1 Qe2 33. e5 Qxd3 34. exf6 gxf6 35. Qe1 Kf7 36. Be4 Qb5 37. h4 Qh5 38. c4 Qg4 39. Bg2 Nf5 40. Kh2 Nxd4 41. Qe4 Nf5 42. Qc6 Qxg3+ 43. Kg1 Qe3+ 44. Kh2 Qxf4+ 45. Kg1 Qe3+ 46. Kh2 Qf4+ 47. Kg1 Qd4+ 48. Kf1 Qd6 49. Qe4 Ng3+ 0-1

[Event "NSV Open-ch Rapid 2019"]
[Site "Lueneburg"]
[Date "2019.08.03"]
[Round "3.1"]
[White "Vorobiov, Evgeny E."]
[Black "Ertan, Can"]
[Result "1-0"]
[ECO "E12"]
[WhiteElo "2578"]
[BlackElo "2396"]
[Annotator "RC"]
[PlyCount "53"]
[EventDate "2019.08.03"]
[EventType "swiss"]
[EventCountry "GER"]
[SourceTitle "playchess.com"]
[Source "ChessBase"]
[SourceQuality "1"]
[TimeControl "600+5"]

1. d4 Nf6 2. c4 e6 3. Nf3 b6 4. Bf4 Bb7 5. e3 Bb4+ 6. Nfd2 O-O 7. a3 Be7 8. Nc3 d5 9. cxd5 Nxd5 10. Nxd5 exd5 11. b4 Nd7 12. Bd3 c5 13. bxc5 bxc5 14. Bxh7+ Kxh7 15. Qb1+ Kg8 16. Qxb7 cxd4 17. exd4 Bf6 18. Qxd5 Re8+ 19. Be3 Bg5 20. O-O Rxe3 21. fxe3 Bxe3+ 22. Kh1 Bxd2 23. Rxf7 Nb6 24. Qe6 Kh8 25. Raf1 Qd5 26. Qg6 Rg8 27. R1f5 1-0

[Event "NSV Open-ch Rapid 2019"]
[Site "Lueneburg"]
[Date "2019.08.03"]
[Round "3.11"]
[White "Chennaoui, Yasin"]
[Black "Britsch, Benjamin"]
[Result "1-0"]
[ECO "A13"]
[WhiteElo "2092"]
[BlackElo "1835"]
[Annotator "NA RC"]
[PlyCount "55"]
[EventDate "2019.08.03"]
[EventType "swiss"]
[EventCountry "GER"]
[SourceTitle "playchess.com"]
[Source "ChessBase"]
[SourceQuality "1"]
[TimeControl "600+5"]

1. c4 e6 2. g3 d5 3. Bg2 dxc4 4. Qa4+ Bd7 5. Qxc4 Bc6 6. Bxc6+ Nxc6 7. Nf3 Nf6 8. Nc3 Be7 9. O-O O-O 10. d4 Qd7 11. Bf4 Nd5 12. Nxd5 exd5 13. Qb5 Rab8 14. Rac1 a6 15. Qb3 f6 16. e4 Rfd8 17. Rfe1 Kf8 18. exd5 Qxd5 19. Qxd5 Rxd5 20. Bxc7 Rc8 21. Bf4 Rcd8 22. Be3 f5 23. h4 Bf6 24. Rc5 Nxd4 25. Nxd4 Bxd4 26. Rxd5 Rxd5 27. Rd1 f4 28. Rxd4 1-0

[Event "NSV Open-ch Rapid 2019"]
[Site "Lueneburg"]
[Date "2019.08.03"]
[Round "3.12"]
[White "Weidenhoefer, Max"]
[Black "Daemmig, Matthias"]
[Result "0-1"]
[ECO "B29"]
[WhiteElo "1805"]
[BlackElo "2059"]
[Annotator "NA RC"]
[PlyCount "99"]
[EventDate "2019.08.03"]
[EventType "swiss"]
[EventCountry "GER"]
[SourceTitle "playchess.com"]
[Source "ChessBase"]
[SourceQuality "1"]
[TimeControl "600+5"]

1. e4 c5 2. Nf3 Nf6 3. Nc3 d5 4. exd5 Nxd5 5. Nxd5 Qxd5 6. d3 Nc6 7. Be2 g6 8. O-O Bg7 9. Rb1 Qxa2 10. Be3 Qd5 11. Qd2 O-O 12. Bh6 b6 13. h3 Bb7 14. Nh2 Nd4 15. Bf3 Nxf3+ 16. Nxf3 Rfe8 17. Bxg7 Kxg7 18. Rfe1 e5 19. Qc3 f6 20. b4 cxb4 21. Rxb4 Rec8 22. Qd2 Qa5 23. c4 Rd8 24. Qb2 Bxf3 25. gxf3 Rxd3 26. Re3 Rad8 27. Rb3 Rd1+ 28. Kg2 Qa6 29. Qc2 R8d4 30. Red3 Qa1 31. Qxd1 Qxd1 32. Rxd1 Rxd1 33. Ra3 Rd7 34. Kg3 Kf7 35. f4 Ke6 36. fxe5 Kxe5 37. Ra1 Rc7 38. Re1+ Kd6 39. Rd1+ Kc5 40. Rc1 a5 41. Kf3 a4 42. Ra1 Ra7 43. Ke3 Kxc4 44. Rc1+ Kd5 45. Rd1+ Ke6 46. Rb1 Ra6 47. Kd4 a3 48. Kc3 a2 49. Re1+ Kf5 50. Kd4 {[%emt 0:02:57] Ke5+} 0-1

[Event "NSV Open-ch Rapid 2019"]
[Site "Lueneburg"]
[Date "2019.08.03"]
[Round "3.16"]
[White "Toepper, Olaf"]
[Black "Marzik, Arne"]
[Result "1-0"]
[ECO "A45"]
[WhiteElo "1896"]
[BlackElo "1366"]
[Annotator "NA RC"]
[PlyCount "87"]
[EventDate "2019.08.03"]
[EventType "swiss"]
[EventCountry "GER"]
[SourceTitle "playchess.com"]
[Source "ChessBase"]
[SourceQuality "1"]
[TimeControl "600+5"]

1. d4 Nf6 2. Bf4 e6 3. e3 c5 4. c3 Nc6 5. Nd2 Qb6 6. Rb1 Be7 7. Bd3 Nd5 8. Nc4 Qd8 9. Nd6+ Bxd6 10. Bxd6 Nde7 11. Qh5 cxd4 12. exd4 Ng6 13. Nf3 Nce7 14. Ng5 h6 15. Ne4 Nf5 16. Ba3 Nf4 17. Qf3 Nh4 18. Nd6+ Kf8 19. Qg3 Kg8 20. Kd2 Nxd3 21. Qxd3 Qg5+ 22. Kc2 Qg6 23. Rbe1 Nxg2 24. Qxg6 Nxe1+ 25. Rxe1 fxg6 26. Rg1 Kh7 27. h4 b6 28. Kd2 Ba6 29. b4 Rab8 30. b5 Bb7 31. c4 a6 32. Nf7 Rhe8 33. Ne5 axb5 34. cxb5 d5 35. Nxg6 Ra8 36. Rg3 Ra5 37. Bd6 Rxb5 38. Be5 Rb2+ 39. Ke1 Rxa2 40. Nf4 Rg8 41. Nxe6 Re8 42. Rxg7+ Kh8 43. Rxb7+ Kg8 44. Rg7+ {[%emt 0:00:07] Kf8} 1-0

[Event "NSV Open-ch Rapid 2019"]
[Site "Lueneburg"]
[Date "2019.08.03"]
[Round "3.17"]
[White "Rothenberg, Nina"]
[Black "Langer, Michael S."]
[Result "1/2-1/2"]
[ECO "B12"]
[WhiteElo "1768"]
[BlackElo "1911"]
[Annotator "NA RC"]
[PlyCount "70"]
[EventDate "2019.08.03"]
[EventType "swiss"]
[EventCountry "GER"]
[SourceTitle "playchess.com"]
[Source "ChessBase"]
[SourceQuality "1"]
[TimeControl "600+5"]

1. e4 c6 2. d4 d5 3. e5 c5 4. c3 Nc6 5. Nf3 Bg4 6. Be2 e6 7. O-O cxd4 8. cxd4 Nge7 9. Be3 Nf5 10. Nc3 a6 11. h3 Nxe3 12. fxe3 Bf5 13. a3 Be7 14. Bd3 Bxd3 15. Qxd3 O-O 16. Rac1 Rc8 17. b4 Qd7 18. Nd2 f6 19. exf6 Bxf6 20. Nb3 Qe7 21. Ne2 Na7 22. Nf4 Bg5 23. Rxc8 Rxc8 24. Nc5 Bxf4 25. Rxf4 Nb5 26. Rf1 Nd6 27. Ra1 Rf8 28. a4 Qf6 29. Rf1 Qxf1+ 30. Qxf1 Rxf1+ 31. Kxf1 Kf7 32. Ke2 Ke7 33. Kd3 Kf7 34. Ke2 Ke7 35. Kd3 Ke8 1/2-1/2

[Event "NSV Open-ch Rapid 2019"]
[Site "Lueneburg"]
[Date "2019.08.03"]
[Round "3.18"]
[White "Aarav Dengla"]
[Black "Egelriede, Nikolas"]
[Result "1-0"]
[ECO "B01"]
[WhiteElo "2051"]
[BlackElo "1865"]
[Annotator "NA RC"]
[PlyCount "115"]
[EventDate "2019.08.03"]
[EventType "swiss"]
[EventCountry "GER"]
[SourceTitle "playchess.com"]
[Source "ChessBase"]
[SourceQuality "1"]
[TimeControl "600+5"]

1. e4 d5 2. exd5 Qxd5 3. Nc3 Qd6 4. d4 Nf6 5. Nf3 a6 6. Be2 Nc6 7. Be3 Bf5 8. Qd2 O-O-O 9. O-O e5 10. dxe5 Nxe5 11. Qxd6 Bxd6 12. Nd4 Bg6 13. f4 Neg4 14. f5 Nxe3 15. fxg6 Nxf1 16. Kxf1 hxg6 17. h3 Bc5 18. Nb3 Ba7 19. Rd1 Rxd1+ 20. Bxd1 Rd8 21. Bf3 Nh5 22. Na5 c6 23. Nb3 Re8 24. Ne2 Nf6 25. c3 Nd7 26. Nbd4 Ne5 27. b3 Nxf3 28. Nxf3 Rd8 29. Ke1 Re8 30. Kd2 Be3+ 31. Kd3 Bc5 32. b4 Bf8 33. g4 f5 34. Nf4 fxg4 35. hxg4 Rd8+ 36. Ke2 Rd6 37. Nd4 Kd7 38. Ke3 Be7 39. Nd3 Rd5 40. Ke4 Bf6 41. Nc5+ Kc8 42. Nce6 Bxd4 43. cxd4 Kd7 44. Nc5+ Kc7 45. a3 Rd6 46. Ke5 Rf6 47. Ne6+ Rxe6+ 48. Kxe6 b6 49. Kf7 Kd6 50. Kxg6 c5 51. dxc5+ bxc5 52. bxc5+ Kxc5 53. Kxg7 Kc4 54. Kf6 Kb3 55. g5 Kxa3 56. g6 Kb3 57. g7 a5 58. g8=Q+ {[%emt 0:00:00] a4} 1-0

[Event "NSV Open-ch Rapid 2019"]
[Site "Lueneburg"]
[Date "2019.08.03"]
[Round "3.19"]
[White "Lai Hop, Long"]
[Black "Rempe, Jonas"]
[Result "1-0"]
[ECO "E69"]
[WhiteElo "1817"]
[BlackElo "1839"]
[Annotator "NA RC"]
[PlyCount "119"]
[EventDate "2019.08.03"]
[EventType "swiss"]
[EventCountry "GER"]
[SourceTitle "playchess.com"]
[Source "ChessBase"]
[SourceQuality "1"]
[TimeControl "600+5"]

1. g3 Nf6 2. d4 g6 3. Bg2 Bg7 4. c4 O-O 5. Nc3 d6 6. e4 c6 7. Nf3 Nbd7 8. O-O Qc7 9. Re1 e5 10. h3 h6 11. Be3 Kh7 12. Rc1 Ne8 13. g4 Nb6 14. b3 Bd7 15. Qc2 f5 16. c5 dxc5 17. dxc5 Nc8 18. exf5 gxf5 19. gxf5 Bxf5 20. Ne4 Nf6 21. Nfd2 Nxe4 22. Nxe4 Qd7 23. Rcd1 Qe6 24. Rd2 Kh8 25. Kh2 Ne7 26. Qc4 Nd5 27. Red1 Qg6 28. Ng3 Nxe3 29. fxe3 e4 30. Nxf5 Qxf5 31. Qxe4 Qg5 32. Rd7 Rae8 33. Qg4 Qxg4 34. hxg4 Rxe3 35. Rxb7 Re2 36. Kg1 Rxa2 37. Rdd7 Ra1+ 38. Kh2 Be5+ 39. Kh3 Ra2 40. g5 hxg5 41. Bxc6 Rh2+ 42. Kg4 Rf4+ 43. Kxg5 Rf8 44. Rf7 Rg8+ 45. Kf5 Rh5+ 46. Ke4 Rg4+ 47. Ke3 Rh3+ 48. Bf3 Kg8 49. Ke2 Rh2+ 50. Kd3 Rd4+ 51. Ke3 Rhd2 52. Be4 Rd8 53. Rfe7 Bf6 54. Bh7+ Kh8 55. Rf7 Bg5+ 56. Kf3 R2d3+ 57. Bxd3 Rxd3+ 58. Ke2 Rd2+ 59. Ke1 Rd8 60. Rh7+ 1-0

[Event "NSV Open-ch Rapid 2019"]
[Site "Lueneburg"]
[Date "2019.08.03"]
[Round "3.21"]
[White "Doederlein, Etienne"]
[Black "Dralle, Hannes"]
[Result "0-1"]
[ECO "A16"]
[WhiteElo "1868"]
[BlackElo "1732"]
[Annotator "NA RC"]
[PlyCount "52"]
[EventDate "2019.08.03"]
[EventType "swiss"]
[EventCountry "GER"]
[SourceTitle "playchess.com"]
[Source "ChessBase"]
[SourceQuality "1"]
[TimeControl "600+5"]

1. c4 Nf6 2. Nc3 d5 3. cxd5 Nxd5 4. Nxd5 Qxd5 5. Nf3 g6 6. g3 Bg7 7. Bg2 Qa5 8. O-O O-O 9. d4 Na6 10. Bd2 Qb6 11. Bc3 c6 12. e4 Nc7 13. Qd2 Ne6 14. Rfd1 Qc7 15. Rac1 b6 16. d5 Nc5 17. Nd4 cxd5 18. exd5 Bb7 19. b4 Na6 20. Ba1 Qd7 21. Nb3 Bxa1 22. Rxa1 Rfd8 23. a3 Nc7 24. d6 Bxg2 25. dxc7 Qxc7 26. Qe2 Qb7 0-1

[Event "NSV Open-ch Rapid 2019"]
[Site "Lueneburg"]
[Date "2019.08.03"]
[Round "3.22"]
[White "Rick, Niklas Corvin"]
[Black "Kolhoff, Manfred"]
[Result "1/2-1/2"]
[ECO "D35"]
[WhiteElo "1444"]
[BlackElo "1616"]
[Annotator "NA RC"]
[PlyCount "81"]
[EventDate "2019.08.03"]
[EventType "swiss"]
[EventCountry "GER"]
[SourceTitle "playchess.com"]
[Source "ChessBase"]
[SourceQuality "1"]
[TimeControl "600+5"]

1. d4 d5 2. c4 e6 3. cxd5 exd5 4. Nc3 Nf6 5. Bg5 Be6 6. Qb3 b6 7. Bxf6 Qxf6 8. Nxd5 Bxd5 9. Qxd5 c6 10. Qe4+ Be7 11. e3 O-O 12. Bd3 g6 13. Nf3 Re8 14. O-O Nd7 15. Qf4 Rad8 16. Qxf6 Bxf6 17. Rac1 c5 18. Rfe1 cxd4 19. exd4 Rxe1+ 20. Rxe1 Nf8 21. h3 Bxd4 22. Nxd4 Rxd4 23. Bb1 Rd2 24. b3 Ne6 25. g3 Nd4 26. Kg2 Nb5 27. Re7 Nc3 28. Be4 Nxe4 29. Rxe4 Rxa2 30. Kf3 Ra3 31. Rb4 Kg7 32. Ke3 f5 33. f4 Kf6 34. g4 h6 35. Kd4 Ra1 36. Rc4 Ra3 37. Rc6+ Kf7 38. Rc7+ Kf6 39. Rc6+ Kf7 40. Rc7+ Kg8 41. Rc8+ 1/2-1/2

[Event "NSV Open-ch Rapid 2019"]
[Site "Lueneburg"]
[Date "2019.08.03"]
[Round "3.23"]
[White "Mundt, Alexandra"]
[Black "Kueck, Alexander"]
[Result "1-0"]
[ECO "C42"]
[WhiteElo "1756"]
[BlackElo "1374"]
[Annotator "NA RC"]
[PlyCount "23"]
[EventDate "2019.08.03"]
[EventType "swiss"]
[EventCountry "GER"]
[SourceTitle "playchess.com"]
[Source "ChessBase"]
[SourceQuality "1"]
[TimeControl "600+5"]

1. e4 e5 2. Nf3 Nf6 3. Nxe5 Nxe4 4. Qe2 d6 5. Nxf7 Kxf7 6. Qxe4 Nc6 7. Bc4+ Kf6 8. Qh4+ Ke5 9. d4+ Kf5 10. g4+ Kg6 11. Qh5+ Kf6 12. Bg5# 1-0

[Event "NSV Open-ch Rapid 2019"]
[Site "Lueneburg"]
[Date "2019.08.03"]
[Round "3.26"]
[White "Krueger, Dietrich"]
[Black "Serrer, David"]
[Result "0-1"]
[ECO "B07"]
[WhiteElo "1243"]
[BlackElo "1516"]
[Annotator "NA RC"]
[PlyCount "128"]
[EventDate "2019.08.03"]
[EventType "swiss"]
[EventCountry "GER"]
[SourceTitle "playchess.com"]
[Source "ChessBase"]
[SourceQuality "1"]
[TimeControl "600+5"]

1. Nc3 Nf6 2. d4 g6 3. e4 d6 4. Bg5 Bg7 5. Bc4 O-O 6. h4 c5 7. d5 a6 8. h5 Nxh5 9. f4 b5 10. Be2 h6 11. Bxh5 hxg5 12. Bf3 gxf4 13. Qd2 Be5 14. Nge2 b4 15. Nb1 Bxb2 16. Nxf4 Bg7 17. c3 bxc3 18. Nxc3 Qa5 19. Rc1 Nd7 20. Ke2 Ne5 21. a4 Bg4 22. Bxg4 Nxg4 23. Rh4 Nf6 24. Rch1 Nh5 25. Nxh5 Qxc3 26. Nxg7 Qxd2+ 27. Kxd2 Kxg7 28. Rh7+ Kf6 29. Ke3 e6 30. Rf1+ Ke7 31. dxe6 Kxe6 32. Rh6 Rh8 33. Rxh8 Rxh8 34. Kf4 Rh4+ 35. g4 Rh2 36. Kg3 Ra2 37. g5 Rxa4 38. Rf6+ Ke7 39. Kf4 c4 40. e5 c3+ 41. Ke3 dxe5 42. Kd3 Rg4 43. Kxc3 Rxg5 44. Rxa6 Rg3+ 45. Kc4 f5 46. Ra7+ Kd6 47. Ra6+ Kc7 48. Ra7+ Kb6 49. Re7 Rg4+ 50. Kd5 e4 51. Kd4 Rg1 52. Kd5 Rd1+ 53. Ke6 e3 54. Kf7 f4 55. Kxg6 Rd2 56. Kg5 f3 57. Re6+ Kc5 58. Kf4 f2 59. Kxe3 f1=Q 60. Re5+ Kd6 61. Re4 Re2+ 62. Kd4 Qd1+ 63. Kc3 Qd2+ 64. Kc4 Rxe4+ 0-1

[Event "NSV Open-ch Rapid 2019"]
[Site "Lueneburg"]
[Date "2019.08.03"]
[Round "4.1"]
[White "Schneider, Ilja"]
[Black "Vorobiov, Evgeny E."]
[Result "1-0"]
[ECO "D22"]
[WhiteElo "2494"]
[BlackElo "2578"]
[Annotator "RC"]
[PlyCount "67"]
[EventDate "2019.08.03"]
[EventType "swiss"]
[EventCountry "GER"]
[SourceTitle "playchess.com"]
[Source "ChessBase"]
[SourceQuality "1"]
[TimeControl "600+5"]

1. d4 d5 2. c4 dxc4 3. Nf3 a6 4. e3 Bg4 5. Bxc4 e6 6. h3 Bh5 7. b3 Nf6 8. O-O Nc6 9. Bb2 Bd6 10. Be2 O-O 11. Nc3 Qe7 12. Nd2 Bxe2 13. Qxe2 Rad8 14. Nde4 Nxe4 15. Nxe4 Nb4 16. Ba3 Nd5 17. Nxd6 cxd6 18. Rfc1 f5 19. Rc2 f4 20. exf4 Nxf4 21. Qe4 Qg5 22. Kh2 Rf6 23. Qxb7 d5 24. Rg1 Qf5 25. Rc7 Rg6 26. g4 Qe4 27. Qc8 h6 28. Qxd8+ Kh7 29. Rc8 Rf6 30. Qg8+ Kg6 31. Rc7 Nh5 32. gxh5+ Kxh5 33. Rcxg7 Rxf2+ 34. R7g2 1-0

[Event "NSV Open-ch Rapid 2019"]
[Site "Lueneburg"]
[Date "2019.08.03"]
[Round "4.10"]
[White "Bargsten, Justus"]
[Black "Chennaoui, Yasin"]
[Result "1-0"]
[ECO "B63"]
[WhiteElo "1946"]
[BlackElo "2092"]
[Annotator "NA RC"]
[PlyCount "77"]
[EventDate "2019.08.03"]
[EventType "swiss"]
[EventCountry "GER"]
[SourceTitle "playchess.com"]
[Source "ChessBase"]
[SourceQuality "1"]
[TimeControl "600+5"]

1. e4 c5 2. Nf3 Nc6 3. d4 cxd4 4. Nxd4 Nf6 5. Nc3 d6 6. Bg5 e6 7. f4 Be7 8. Qd2 h6 9. Bh4 Nxe4 10. Nxe4 Bxh4+ 11. g3 Be7 12. Bb5 Bd7 13. O-O-O d5 14. Nc3 Bf6 15. Bxc6 bxc6 16. Rhe1 O-O 17. Nf3 Rb8 18. Ne5 Bxe5 19. Rxe5 Qb6 20. b3 f6 21. Ree1 Rbe8 22. Na4 Qb5 23. Qd4 a5 24. Nc5 Bc8 25. a4 Qb8 26. Qc3 Qa7 27. Nd3 Re7 28. Qxc6 Rc7 29. Qd6 Bd7 30. Rxe6 Bxe6 31. Qxe6+ Kh8 32. Qxd5 Qe3+ 33. Kb1 Rc3 34. Nb2 Rfc8 35. Qxa5 Rxc2 36. Rd8+ Kh7 37. Qf5+ g6 38. Qd7+ Qe7 39. Qxe7# 1-0

[Event "NSV Open-ch Rapid 2019"]
[Site "Lueneburg"]
[Date "2019.08.03"]
[Round "4.11"]
[White "Daemmig, Matthias"]
[Black "Toepper, Olaf"]
[Result "0-1"]
[ECO "B09"]
[WhiteElo "2059"]
[BlackElo "1896"]
[Annotator "NA RC"]
[PlyCount "56"]
[EventDate "2019.08.03"]
[EventType "swiss"]
[EventCountry "GER"]
[SourceTitle "playchess.com"]
[Source "ChessBase"]
[SourceQuality "1"]
[TimeControl "600+5"]

1. d4 Nf6 2. Nc3 g6 3. e4 d6 4. f4 Bg7 5. Bc4 e6 6. Bb3 O-O 7. Be3 Nbd7 8. Nf3 c5 9. dxc5 Nxc5 10. e5 Nfe4 11. Nxe4 Nxe4 12. O-O b6 13. c3 Bb7 14. exd6 Nxd6 15. Bd4 Qc7 16. Bxg7 Kxg7 17. Qe2 Nf5 18. Qe5+ Qxe5 19. Nxe5 Rfd8 20. Rf2 Rd6 21. Rd1 Rxd1+ 22. Bxd1 Rd8 23. Bb3 Ne3 24. Re2 Nd5 25. Bxd5 Bxd5 26. c4 Bb7 27. Kf2 Rd4 28. g3 f6 0-1

[Event "NSV Open-ch Rapid 2019"]
[Site "Lueneburg"]
[Date "2019.08.03"]
[Round "4.13"]
[White "Schulz, Daniel"]
[Black "Kotyk, Michael"]
[Result "0-1"]
[ECO "E11"]
[WhiteElo "2071"]
[BlackElo "1998"]
[Annotator "NA RC"]
[PlyCount "101"]
[EventDate "2019.08.03"]
[EventType "swiss"]
[EventCountry "GER"]
[SourceTitle "playchess.com"]
[Source "ChessBase"]
[SourceQuality "1"]
[TimeControl "600+5"]

1. d4 Nf6 2. c4 e6 3. g3 Bb4+ 4. Bd2 Qe7 5. Bg2 O-O 6. Nc3 Nc6 7. Nf3 d6 8. O-O e5 9. dxe5 dxe5 10. Nd5 Nxd5 11. cxd5 Nd4 12. Nxd4 exd4 13. Bxb4 Qxb4 14. Qc2 c5 15. dxc6 bxc6 16. Bxc6 Rb8 17. Rab1 Ba6 18. Rfe1 Rfc8 19. Qa4 Qb6 20. Be4 Rc4 21. Qd7 Rd8 22. Qe7 Bb5 23. Bd3 Rc5 24. Qe4 f5 25. Qf3 Bc6 26. Qf4 Rf8 27. Qxd4 f4 28. Be4 fxg3 29. hxg3 Bxe4 30. Qxe4 Rcf5 31. Qe3 Rxf2 32. Qxb6 axb6 33. Rbc1 R2f5 34. Rc6 Rb5 35. b3 Ra8 36. Rc2 Rba5 37. a4 b5 38. axb5 Rxb5 39. Rc3 Ra2 40. Kf2 Rb2 41. Rd1 R2xb3 42. Rc7 Rf5+ 43. Kg2 Re3 44. Rd2 h5 45. Rd8+ Kh7 46. Rdd7 Rxe2+ 47. Kh3 Rg5 48. Rd4 Re3 49. Kh2 Rexg3 50. Rd8 Rg2+ 51. Kh1 0-1

[Event "NSV Open-ch Rapid 2019"]
[Site "Lueneburg"]
[Date "2019.08.03"]
[Round "4.14"]
[White "Joppien, Arne"]
[Black "Rothenberg, Nina"]
[Result "1-0"]
[ECO "D37"]
[WhiteElo "1940"]
[BlackElo "1768"]
[Annotator "NA RC"]
[PlyCount "75"]
[EventDate "2019.08.03"]
[EventType "swiss"]
[EventCountry "GER"]
[SourceTitle "playchess.com"]
[Source "ChessBase"]
[SourceQuality "1"]
[TimeControl "600+5"]

1. d4 e6 2. c4 Nf6 3. Nf3 d5 4. Nc3 Be7 5. Bf4 O-O 6. e3 Nh5 7. Bg3 c6 8. Bxb8 Rxb8 9. Ne5 Nf6 10. Bd3 Bd6 11. f4 dxc4 12. Bxc4 c5 13. O-O cxd4 14. exd4 Qc7 15. Nb5 Qe7 16. Nxa7 Rd8 17. Nb5 Nd7 18. Nxd6 Qxd6 19. Nf3 Qxf4 20. Qb3 Qd6 21. Rad1 Nb6 22. Ne5 Nxc4 23. Nxf7 Qc7 24. Nxd8 Na5 25. Nxe6 Bxe6 26. Qxe6+ Kh8 27. Rf7 Qd8 28. d5 Qg8 29. d6 Re8 30. Qf5 Nc6 31. d7 Rd8 32. Rf1 Nd4 33. Qd5 Nc6 34. Qg5 h6 35. Qxd8 Qxd8 36. Rf8+ Qxf8 37. Rxf8+ Kh7 38. d8=Q 1-0

[Event "NSV Open-ch Rapid 2019"]
[Site "Lueneburg"]
[Date "2019.08.03"]
[Round "4.15"]
[White "Langer, Michael S."]
[Black "Guo, Philipp Ziming"]
[Result "1-0"]
[ECO "A11"]
[WhiteElo "1911"]
[BlackElo "1728"]
[Annotator "NA RC"]
[PlyCount "75"]
[EventDate "2019.08.03"]
[EventType "swiss"]
[EventCountry "GER"]
[SourceTitle "playchess.com"]
[Source "ChessBase"]
[SourceQuality "1"]
[TimeControl "600+5"]

1. Nf3 d5 2. e3 Nf6 3. c4 e6 4. Nc3 c6 5. b3 Bd6 6. Bb2 Nbd7 7. Qc2 O-O 8. Be2 b6 9. Rg1 Bb7 10. g4 Kh8 11. g5 Ng8 12. h4 dxc4 13. Bxc4 c5 14. Be2 Ne5 15. Nxe5 Bxe5 16. f4 Bd6 17. h5 h6 18. Ne4 f6 19. gxf6 Nxf6 20. Nxf6 Rxf6 21. Bxf6 Qxf6 22. O-O-O c4 23. bxc4 Qa1+ 24. Qb1 Ba3+ 25. Kc2 Qf6 26. Qb3 Bc5 27. Qc3 Qe7 28. Bd3 Bc6 29. Kb1 Bb4 30. Qb2 Ba3 31. Qb3 Rd8 32. Bc2 Be8 33. Bg6 Bc6 34. d4 Bf3 35. Rdf1 Bc6 36. Bc2 Rb8 37. Qd3 Qb4+ 38. Qb3 1-0

[Event "NSV Open-ch Rapid 2019"]
[Site "Lueneburg"]
[Date "2019.08.03"]
[Round "4.16"]
[White "Dralle, Hannes"]
[Black "Reimers, Achim"]
[Result "0-1"]
[ECO "B01"]
[WhiteElo "1732"]
[BlackElo "1975"]
[Annotator "NA RC"]
[PlyCount "63"]
[EventDate "2019.08.03"]
[EventType "swiss"]
[EventCountry "GER"]
[SourceTitle "playchess.com"]
[Source "ChessBase"]
[SourceQuality "1"]
[TimeControl "600+5"]

1. e4 d5 2. exd5 Qxd5 3. Nc3 Qd8 4. Bc4 Nf6 5. d4 c6 6. Nf3 e6 7. a4 Be7 8. O-O O-O 9. Ne5 Nbd7 10. f4 Nd5 11. Ne4 N7f6 12. Ng3 Qc7 13. f5 exf5 14. Nxf5 Bxf5 15. Rxf5 Bd6 16. Qf3 Rae8 17. g3 Bxe5 18. dxe5 Rxe5 19. Bd3 Rxf5 20. Qxf5 Re8 21. Bg5 Qb6+ 22. Kh1 Qxb2 23. Rf1 h6 24. Bd2 Qe5 25. Qf3 a6 26. c4 Nb6 27. Re1 Qb8 28. Rf1 Nbd7 29. Qf5 Qe5 30. Qf3 Qd4 31. h3 Ne5 32. Bc3 0-1

[Event "NSV Open-ch Rapid 2019"]
[Site "Lueneburg"]
[Date "2019.08.03"]
[Round "4.18"]
[White "Wirries, Frank-Michael"]
[Black "Mundt, Alexandra"]
[Result "1-0"]
[ECO "B03"]
[WhiteElo "1858"]
[BlackElo "1756"]
[Annotator "NA RC"]
[PlyCount "91"]
[EventDate "2019.08.03"]
[EventType "swiss"]
[EventCountry "GER"]
[SourceTitle "playchess.com"]
[Source "ChessBase"]
[SourceQuality "1"]
[TimeControl "600+5"]

1. e4 Nf6 2. e5 Nd5 3. d4 d6 4. c4 Nb6 5. exd6 cxd6 6. Nc3 Nc6 7. Be3 g6 8. d5 Ne5 9. Bd4 Rg8 10. Bxe5 dxe5 11. Bd3 Bg7 12. Qe2 e6 13. Nf3 f6 14. Rd1 Kf7 15. dxe6+ Bxe6 16. Bxg6+ hxg6 17. Rxd8 Raxd8 18. b3 Bf8 19. O-O Bb4 20. Ne4 Rd7 21. Rd1 Rgd8 22. Rxd7+ Rxd7 23. h3 Kg7 24. g4 Nc8 25. c5 Ne7 26. g5 f5 27. Nf6 Rd8 28. Qxe5 Rd1+ 29. Kg2 Kf7 30. Qe2 Rd8 31. Ne5+ Kg7 32. Qb5 Ba3 33. Qxb7 Bxc5 34. Nc6 Rd7 35. Ne8+ Kf8 36. Qb8 Bd5+ 37. f3 Bd6 38. Nc7+ Kg7 39. Nxe7 Bxc7 40. Qe8 Be6 41. Qxg6+ Kf8 42. Qxe6 Rd2+ 43. Kf1 Rd1+ 44. Ke2 Rh1 45. Ng6+ Kg7 46. Qf6+ 1-0

[Event "NSV Open-ch Rapid 2019"]
[Site "Lueneburg"]
[Date "2019.08.03"]
[Round "4.20"]
[White "Serrer, David"]
[Black "Weidenhoefer, Max"]
[Result "1-0"]
[ECO "D45"]
[WhiteElo "1516"]
[BlackElo "1805"]
[Annotator "NA RC"]
[PlyCount "47"]
[EventDate "2019.08.03"]
[EventType "swiss"]
[EventCountry "GER"]
[SourceTitle "playchess.com"]
[Source "ChessBase"]
[SourceQuality "1"]
[TimeControl "600+5"]

1. c4 c6 2. Nf3 d5 3. e3 Nf6 4. Nc3 e6 5. d4 Be7 6. Qc2 Nbd7 7. Bd2 dxc4 8. Bxc4 Nb6 9. Bd3 Nbd5 10. O-O Nb4 11. Qb1 Nxd3 12. Qxd3 O-O 13. Rfc1 c5 14. Ne2 cxd4 15. exd4 Nd5 16. Ne5 Bf6 17. Qg3 Bxe5 18. Qxe5 Nf6 19. Bg5 b6 20. Rc7 Ba6 21. Nf4 Qb8 22. Bxf6 gxf6 23. Qxf6 Qxc7 24. Nh5 1-0

[Event "NSV Open-ch Rapid 2019"]
[Site "Lueneburg"]
[Date "2019.08.03"]
[Round "4.21"]
[White "Rothenberg, Jannik"]
[Black "Marzik, Arne"]
[Result "1/2-1/2"]
[ECO "A52"]
[WhiteElo "1859"]
[BlackElo "1366"]
[Annotator "NA RC"]
[PlyCount "94"]
[EventDate "2019.08.03"]
[EventType "swiss"]
[EventCountry "GER"]
[SourceTitle "playchess.com"]
[Source "ChessBase"]
[SourceQuality "1"]
[TimeControl "600+5"]

1. d4 Nf6 2. c4 e5 3. dxe5 Ng4 4. Bf4 Nc6 5. Nf3 Bb4+ 6. Nc3 Qe7 7. Qd5 Bxc3+ 8. bxc3 f6 9. exf6 Nxf6 10. Qd3 d6 11. e3 O-O 12. Be2 b6 13. Nd4 Ne5 14. Qd1 Bb7 15. Nf3 Rad8 16. O-O Ne4 17. Qc2 Nc5 18. a4 Nxf3+ 19. Bxf3 Bxf3 20. gxf3 a5 21. Kh1 Qf7 22. Qe2 Ne6 23. Bg3 Qxf3+ 24. Qxf3 Rxf3 25. Rfd1 Nc5 26. Rd4 Rdf8 27. Kg2 R3f5 28. h3 Nb3 29. Rdd1 Nxa1 30. Rxa1 Rc5 31. Kf1 Rxc4 32. Ra3 Rf5 33. Ke2 Rh5 34. Kd3 Rcc5 35. h4 g5 36. hxg5 Rhxg5 37. Bf4 Rg6 38. Ra1 h5 39. Rh1 Rg2 40. f3 Ra2 41. Rg1+ Kf7 42. Bh6 Rxa4 43. Rg7+ Ke6 44. Rg6+ Kd7 45. Rg7+ Ke6 46. Rg6+ Kd7 47. Rg7+ Ke6 1/2-1/2